 Dungeon Crawl Stone Soup version 0.27-a0-1191-g601b473118 (webtiles) character file.

Game seed: 5821716166750191473

163 polve the Cutter (level 5, -6/41 HPs)
             Began as a Demonspawn Abyssal Knight on May 23, 2021.
             Was a Believer of Lugonu.
             Killed by nerve-wracking pain
             ... invoked by Menkaure
              (12 damage)
             ... on level 4 of the Dungeon.
             The game lasted 00:03:19 (3357 turns).

polve the Cutter (Demonspawn Abyssal Knight)        Turns: 3357, Time: 00:03:19

Health: -6/41      AC: 13    Str: 13    XL:     5   Next: 20%
Magic:  6/6        EV:  3    Int: 19    God:    Lugonu [**....]
Gold:   92         SH:  5    Dex: 13    Spells: 4/4 levels left

rFire    . . .     SeeInvis .   p - +2 dagger (vamp)
rCold    . . .     Faith    .   (no shield)
rNeg     . . .     Spirit   .   n - +0 plate armour
rPois    .         Reflect  +   (helmet restricted)
rElec    .         Harm     .   o - +1 cloak
rCorr    .         Rampage  .   (no gloves)
Will     .....                  (no boots)
Stlth    ..........             q - amulet of reflection
HPRegen  0.13/turn              j - +6 ring of intelligence
MPRegen  0.10/turn              (no ring)

@: no status effects
A: horns 1, powered by death 1, spiny 1
a: Renounce Religion, Depart the Abyss, Bend Space


You were on level 4 of the Dungeon.
You worshipped Lugonu.
Lugonu was pleased with you.
You visited 1 branch of the dungeon, and saw 4 of its levels.
You visited the Abyss 1 time.

You collected 92 gold pieces.

Inventory:

Hand Weapons
 a - a +1 short sword
 p - a +2 vampiric dagger (weapon)
Armour
 n - a +0 plate armour (worn)
 o - a +1 cloak (worn)
Jewellery
 j - a +6 ring of intelligence (left hand)
 q - an amulet of reflection (around neck)
Scrolls
 b - a scroll of fog {unknown}
 c - a scroll of fear {unknown}
 d - a scroll of enchant weapon {unknown}
 e - a scroll of identify {unknown}
 g - a scroll of noise {unknown}
 i - 2 scrolls of summoning {unknown}
 k - 2 scrolls of teleportation {unknown}
 l - a scroll of acquirement {unknown}
Potions
 h - a potion of lignification {unknown}
 m - a potion of mutation {unknown}


   Skills:
 - Level 3.0 Fighting
 - Level 4.0 Short Blades
 + Level 3.4 Armour
 - Level 0.8 Dodging
 - Level 2.4 Invocations


You had 4 spell levels left.
You didn't know any spells.
Your spell library contained the following spells:

 Spells                   Type           Power      Damage    Failure   Level
 Animate Skeleton         Necr           0%         N/A       100%        1
 Magic Dart               Conj           0%         1d3       100%        1
 Pain                     Necr           0%         1d4       100%        1
 Blink                    Tloc           N/A        N/A       100%        2
 Call Imp                 Summ           0%         N/A       100%        2
 Slow                     Hex            0%         N/A       100%        2
 Conjure Flame            Conj/Fire      0%         6-21      100%        3
 Mephitic Cloud           Conj/Pois/Air  0%         N/A       100%        3
 Vampiric Draining        Necr           0%         2d6       100%        3
 Animate Dead             Necr           0%         N/A       100%        4
 Agony                    Necr           0%         N/A       100%        5


Dungeon Overview and Level Annotations

Branches:
Dungeon (4/15)
 Temple: D:4-7

Altars:
Cheibriados
Makhleb
Qazlal
Sif Muna
Zin

Annotations:
D:4 Menkaure


Innate Abilities, Weirdness & Mutations

You have a pair of small horns on your head.
You regenerate a little health from kills.
You are partially covered in sharp spines.


Message History

There is an open door here.
Okay, then.
It was a potion of heal wounds.
You feel much better.
Menkaure gestures at you while chanting.
You barely resist. Menkaure hits you. You block Menkaure's attack.
Menkaure casts a spell.
Menkaure seems to speed up.
The orc wizard points at you and mumbles some strange words.
The magic dart hits you!
There is an open door here.
Space bends around you!
You blink.
The orc priest calls down the wrath of Beogh upon you.
You barely resist. Menkaure barely misses you.
The orc is struck by your spines. The orc hits you with a +0 short sword.
Menkaure casts a spell at you.
You barely resist.
The orc priest invokes the aid of Beogh against you.
Pain shoots through your body!
Menkaure draws the symbol "Udjat" in the dust.
The orc wizard gestures at you while chanting.
The puff of flame hits you. You block Menkaure's attack.
There is an open door here.
You hit Menkaure but do no damage. You block Menkaure's attack.
You block Menkaure's attack.
Menkaure calls on the powers of darkness!
The orc wizard convulses!
Your body is wracked with pain!
The orc priest convulses!
The orc wizard casts a spell at you. The puff of flame hits you!
* * * LOW HITPOINT WARNING * * *
Things that are here:
a +0 club; a goblin corpse The orc priest begins to cast a cantrip, but forgets the words!
The orc priest looks braver for a moment.
Menkaure points at you and mumbles some strange words.
Pain shoots through your body!
You die...

#.# #...)o..'.........
##'###.....###oo.......
#............#.........
#........o...#.........
#.......o....#.o.......
#......o.....#.M.......
#............#.........
#............#.........
#............##@#######
##'######'#####.# #.###
#.# #.# #...# #.#####.#
#o######(#....)#
#.#......#.#####
#o#o######.#
#.#.#.(.<#.#
#.#o#.####.#


You could see an orc warrior, Menkaure (fast), an orc priest and an orc wizard.

Vanquished Creatures
  An orc priest (D:3)
  6 adders
  A dart slug (D:2)
  6 orcs
  5 ball pythons
  6 bats
  5 endoplasms
  8 goblins
  2 hobgoblins (D:2)
  10 jackals
  3 quokkas
  3 frilled lizards
  9 kobolds
  3 rats
68 creatures vanquished.

Notes
Turn   | Place    | Note
-------+----------+-------------------------------------------
     0 | Abyss:1  | polve the Demonspawn Abyssal Knight began the quest for the
                  | Orb.
     0 | Abyss:1  | Reached XP level 1. HP: 18/18 MP: 2/2
    49 | Abyss:1  | Noticed a smoke demon
    79 | Abyss:1  | Noticed a worldbinder
    80 | Abyss:1  | Noticed an orc priest
    82 | Abyss:1  | Noticed a warg
    83 | Abyss:1  | Noticed an orc priest
    83 | Abyss:1  | Noticed a warg
    83 | Abyss:1  | Noticed an orc priest
    83 | D:1      | Escaped the Abyss
   327 | D:1      | Reached skill level 2 in Short Blades
   610 | D:1      | Gained mutation: You have a pair of small horns on your
                  | head. [demonic ancestry]
   610 | D:1      | Reached XP level 2. HP: 23/24 MP: 3/3
   636 | D:1      | Reached * piety under Lugonu
  1046 | D:1      | Reached skill level 3 in Short Blades
  1386 | D:2      | Gained mutation: You are partially covered in sharp spines.
                  | [demonic ancestry]
  1386 | D:2      | Reached XP level 3. HP: 29/29 MP: 4/4
  1764 | D:2      | Reached ** piety under Lugonu
  1850 | D:2      | Gained mutation: You regenerate a little health from kills.
                  | [demonic ancestry]
  1850 | D:2      | Reached XP level 4. HP: 35/35 MP: 5/5
  1873 | D:2      | Reached skill level 4 in Short Blades
  2397 | D:3      | Found a faded altar of an unknown god.
  2443 | D:3      | Found a stormy altar of Qazlal.
  2497 | D:3      | Reached XP level 5. HP: 41/41 MP: 6/6
  2922 | D:3      | Found a burning altar of Makhleb.
  2922 | D:3      | Found a faded altar of an unknown god.
  3073 | D:3      | Found a shimmering blue altar of Sif Muna.
  3075 | D:3      | Found a snail-covered altar of Cheibriados.
  3077 | D:3      | Found a faded altar of an unknown god.
  3279 | D:4      | Noticed Menkaure
  3279 | D:4      | Noticed an orc warrior
  3357 | D:4      | Killed from afar by Menkaure

Illustrated notes

Levels and vault maps discovered:
D:1:      dpeg_arrival_water_fire, layout_loops_ring
D:2:      layout_basic, minmay_misc_feat_alley
D:3:      layout_basic, lemuel_tele_altar, lemuel_crystal_altar,
          chequers_temple_overflow_minitemple, basic_ecumenical_altar
D:4:      layout_basic, nicolae_ru_sacrificial_ziggurat,
          minmay_temple_entry_statues_pillars, uniq_ijyb, uniq_menkaure,
          uniq_duvessa, uniq_eustachio

Skill      XL: |  1  2  3  4 |
---------------+-------------+-----
Short Blades   | 2 3 4 |  4.0
Armour         | 3 |  3.4
Fighting       | |  3.0
Dodging        | |  0.8
Invocations    | |  2.4

Action                   |  1- 3 |  4- 6 || total
-------------------------+-------+-------++-------
Melee: Short sword       |    96 |    66 ||   162
       Headbutt          |     8 |    13 ||    21
       Dagger            |       |     6 ||     6
Invok: Depart the Abyss  |     1 |       ||     1
       Bend Space        |       |     1 ||     1
  Use: Potion            |       |     1 ||     1
Armor: Leather armour    |     7 |       ||     7
       Chain mail        |    48 |       ||    48
       Plate armour      |     1 |    40 ||    41
Dodge: Dodged            |    26 |    13 ||    39
Block: Other             |       |     4 ||     4

Table legend: (Time is in decaauts)
 A = Elapsed time spent in this place.
 B = Non-inter-level travel time spent in this place.
 C = Inter-level travel time spent in this place.
 D = Time resting spent in this place.
 E = Time spent auto-exploring this place.
 F = Levels seen in this place.
 G = Mean time per level.
                   A        B        C        D        E       F      G
               +--------+--------+--------+--------+--------+-----+--------+
         Total |   3342 |   3152 |    190 |      0 |   2662 |   5 |  668.4 |
       Dungeon |   3259 |   3069 |    190 |      0 |   2614 |   4 |  814.8 |
         Abyss |     83 |     83 |      0 |      0 |     48 |   1 |   83.0 |
               +--------+--------+--------+--------+--------+-----+--------+

Top non-repeatable levels by time:
     D:1: 1277 daAuts
     D:3: 1033 daAuts
     D:2: 749 daAuts
     D:4: 199 daAuts
 Abyss:1: 83 daAuts
